 Dungeon Crawl Stone Soup version 0.29-a0-872-g797fff5ad1 (webtiles) character file.

Game seed: 7602042267257913349

32985 Turgor the Thaumaturge (level 13, -2/90 HPs)
             Began as a Demonspawn Necromancer on July 15, 2022.
             Was the Champion of Hepliaklqana.
             Slain by a swamp worm (8 damage)
             ... on level 4 of the Lair of Beasts on July 18, 2022.
             The game lasted 02:08:50 (16382 turns).

Turgor the Thaumaturge (Demonspawn Necromancer)    Turns: 16382, Time: 02:08:51

Health: -2/90      AC: 22    Str: 10    XL:     13   Next: 34%
Magic:  4/27       EV: 12    Int: 18    God:    Hepliaklqana [******]
Gold:   1129       SH:  4    Dex: 16    Spells: 18/33 levels left

rFire   . . .      SeeInvis +   X - +6 spear of Wonderful Exoneration {vorpal, rC+ Stlth+}
rCold   + + .      Faith    .   (no shield)
rNeg    . . .      Spirit   .   T - +2 ring mail {rC+}
rPois   +          Reflect  .   j - +2 hat
rElec   .          Harm     .   S - +2 cloak {rCorr}
rCorr   +          Rampage  .   (no gloves)
Will    .....                   (no boots)
Stlth   +.........              (no amulet)
HPRegen 0.25/turn               m - ring of poison resistance
MPRegen 0.20/turn               q - ring of see invisible

@: sanguine armoured, animating dead, studying Armour, very slow
A: reduced essence, hooves 2, demonic guardian 2, sanguine armour 2,
condensation shield
a: Renounce Religion, Recall Ancestor, Ancestor Identity, Transference, Idealise


You were on level 4 of the Lair of Beasts.
You worshipped Hepliaklqana.
Hepliaklqana was exalted by your worship.
You visited 2 branches of the dungeon, and saw 15 of its levels.

You collected 1129 gold pieces.

Inventory:

Hand Weapons
 s - a +1 vorpal sling
 v - the +2 mace "Goxuff" {pain, rF+ MP+9}
   (You found it on level 4 of the Lair of Beasts)

   In the hands of one skilled in necromantic magic, it inflicts extra damage on
   living creatures.
   rF:        It protects you from fire.
   MP:        It affects your magic capacity (+9).
 G - a +1 dagger of venom
 M - a +0 dagger of speed
 O - a +2 scimitar of flaming
 X - the +6 spear of Wonderful Exoneration (weapon) {vorpal, rC+ Stlth+}
   (You found it on level 1 of the Lair of Beasts)

   It inflicts extra damage upon your enemies.
   rC:        It protects you from cold.
   Stlth:     It makes you more stealthy.
Missiles
 l - 16 poisoned darts
 K - 3 curare-tipped darts
Armour
 j - a +2 hat (worn)
 S - a +2 cloak of preservation (worn)
 T - a +2 ring mail of cold resistance (worn)
Magical Staves
 C - a staff of death
Jewellery
 a - a +4 ring of protection
 f - a ring of wizardry
 m - a ring of poison resistance (left hand)
 n - the ring "Womajiov" {Ice rPois Dex-2 Slay+3}
   (You found it on level 2 of the Dungeon)

   [ring of ice]

   It enhances your ice magic.
   Dex:       It affects your dexterity (-2).
   Slay:      It affects your accuracy & damage with ranged weapons and melee
   (+3).
   rF:        It makes you vulnerable to fire.
   rC:        It protects you from cold.
   rPois:     It protects you from poison.
 q - a ring of see invisible (right hand)
 Y - a ring of protection from cold
 Z - a ring of magical power
Wands
 B - a wand of flame (20) (quivered)
 E - a wand of polymorph (10)
 J - a wand of iceblast (7)
 W - a wand of acid (1)
Scrolls
 d - a scroll of amnesia {unknown}
 i - a scroll of silence
 k - 2 scrolls of immolation {unknown}
 o - 5 scrolls of enchant armour {unknown}
 p - a scroll of teleportation
 u - 2 scrolls of noise {unknown}
 w - 5 scrolls of fog
 x - a scroll of summoning {unknown}
 D - 3 scrolls of enchant weapon {unknown}
 F - 2 scrolls of fear {unknown}
 H - 4 scrolls of magic mapping
 I - 2 scrolls of blinking {unknown}
 Q - a scroll of acquirement {unknown}
 R - 2 scrolls of torment {unknown}
Potions
 b - 3 potions of magic
 c - 3 potions of invisibility
 e - 3 potions of resistance
 g - 7 potions of lignification
 h - 3 potions of heal wounds
 r - 2 potions of attraction
 y - 5 potions of curing
 z - 2 potions of mutation
 A - 4 potions of might
 N - a potion of flight
 U - a potion of ambrosia
 V - 2 potions of haste


   Skills:
 + Level 8.9 Fighting
 - Level 6.0 Armour
 + Level 5.5 Dodging
 - Level 2.0 Stealth
 * Level 10.9 Spellcasting
 * Level 8.1 Conjurations
 + Level 10.8 Necromancy
 * Level 7.8 Translocations
 - Level 9.0 Invocations


You had 18 spell levels left.
You knew the following spells:

 Your Spells              Type           Power      Damage    Failure   Level
a - Necrotise             Necr           100%       1d9       1%          1
b - Apportation           Tloc           76%        N/A       1%          1
c - Vampiric Draining     Necr           48%        2d9       1%          3
d - Animate Dead          Necr           48%        N/A       1%          4
e - Poisonous Vapours     Pois/Air       18%        N/A       26%         2
f - Iskenderun's Mystic   Conj/Tloc      38%        2d9       6%          4

Your spell library contained the following spells:

 Spells                   Type           Power      Damage    Failure   Level
 Agony                    Necr           48%        N/A       5%          5
 Dazzling Flash           Conj/Hex       48%        N/A       10%         3
 Portal Projectile        Hex/Tloc       48%        N/A       10%         3
 Slow                     Hex            36%        N/A       17%         1
 Summon Small Mammal      Summ           36%        N/A       17%         1
 Anguish                  Hex/Necr       14%        N/A       19%         4
 Ensorcelled Hibernation  Hex/Ice        18%        N/A       26%         2
 Passwall                 Tmut/Erth      7%         N/A       26%         2
 Corpse Rot               Necr/Pois/Air  22%        N/A       36%         4
 Confusing Touch          Hex            9%         N/A       45%         3
 Spider Form              Tmut/Pois      9%         N/A       45%         3
 Swiftness                Air            9%         N/A       45%         3
 Tukima's Dance           Hex            9%         N/A       45%         3
 Alistair's Intoxication  Tmut/Pois      6%         N/A       99%         5
 Blade Hands              Tmut           4%         N/A       99%         5
 Yara's Violent Unravell  Hex/Tmut       4%         3d4       99%         5
 Starburst                Conj/Fire      12%        6d5       99%         6
 Enfeeble                 Hex            4%         N/A       100%        7


Dungeon Overview and Level Annotations

Branches:
Dungeon (10/15)            Temple (0/1) D:4            Lair (5/6) D:8
  Snake (0/4) Lair:2
  Swamp: Lair:2-3    Shoals: Lair:2-3     Slime: Lair:4-5       Orc: D:9-12

Altars:
Ashenzari
Hepliaklqana
Kikubaaqudgha

Shops:
D:2 [   D:4 [

Annotations:
Lair:2 2 transporters, Nomaith's ghost, journeyman TeAE
Lair:4 2 transporters, Yduigg's ghost, journeyman FeTm
Lair:5 1 runed translucent door, Rupert


Innate Abilities, Weirdness & Mutations

Your life essence is reduced to manifest your ancestor. (-10% HP)
You have hoof-like feet.
A demonic guardian rushes to your aid.
When seriously injured, your blood forms thick armour. (AC +9)
A meltable shield of frost defends you. (SH +4)


Message History

Unknown command.
You feel much better.
The five-headed hydra burns!
The five-headed hydra bites you.
* * * LOW HITPOINT WARNING * * *
You block the five-headed hydra's attack.
The five-headed hydra bites you but does no damage.
You block the five-headed hydra's attack.
The five-headed hydra bites you.
* * * LOW HITPOINT WARNING * * *
The komodo dragon bites you but does no damage.
The swamp worm bites you but does no damage.
Your blink frog zombie closely misses the swamp worm.
The swamp worm bites you.
* * * LOW HITPOINT WARNING * * *
Bartimir casts a spell at the swamp worm.
The swamp worm appears confused.
Your smoke demon hits the five-headed hydra!
Your smoke demon barely misses the five-headed hydra.
Your smoke demon hits the five-headed hydra.
Your rust devil splashes around in the water.
Aiming: Corrosive Bolt
Press: ? - help, Shift-Dir - straight line, f/p - five-headed hydra
Aim: a five-headed hydra (severely wounded, not watching you, covered in liquid flames, ally target, 93% to hit)
Okay, then.
Unknown command.
Casting: Vampiric Draining (safe; 1% risk of failure)
Confirm with . or Enter, or press ? or * to list all spells.
You dismiss your zombies and call upon the dead to rise afresh.
The five-headed hydra burns!
Your death yak zombie crumbles into dust! x2
Your blink frog zombie crumbles into dust!
Your death yak zombie crumbles into dust!
The five-headed hydra bites your smoke demon!
The five-headed hydra bites your smoke demon but does no damage.
The five-headed hydra bites your smoke demon.
The five-headed hydra bites your smoke demon! x2
The komodo dragon bites you!
* * * LOW HITPOINT WARNING * * *
The swamp worm barely misses Bartimir.
The swamp worm bites you!
You die...

.........# .........#
.......### ........## #
......♣.# .........## ##
.....♣♣♣♣ ♣.......P#####P
....♣♣ ♣♣♣........##.#.
....♣ ♣♣♣♣.♣.......##..#.
#..♣♣ ♣♣3♣≈.........#.....
...♣ ♣♣.D4≈...............
...♣ ♣..l@≈≈♣..>..........
#..♣ ♣..wwR≈♣.............
##.♣♣
♣.♣≈≈≈≈♣R............ #=.♣
§§ ♣≈≈≈≈♣Z............
###♣ ..§
♣≈≈≈≈♣.#ZZ......<.. ..
♣♣♣≈≈≈♣..Z.P........
♣♣♣♣♣♣♣.♣♣♣♣♣.............
...♣.♣..♣♣........Z.......
........#.........Z..Z....


You could see the friendly Bartimir the hexer, a five-headed hydra (distracted,
burning, ally target), a komodo dragon, 2 swamp worms, a friendly rust devil
(summoned) and a friendly smoke demon (summoned).

Vanquished Creatures
  3 hydras
  2 death yaks (D:8)
  An oklob plant (Lair:2)
  2 elephants (Lair:3)
  A black mamba (Lair:5)
  3 cane toads
  A troll (D:7)
  2 polar bears
  3 blink frogs (Lair:1)
  14 yaks
  A wyvern (D:8)
  A basilisk (Lair:4)
  2 nagas (Lair:2)
  A swamp worm (Lair:4)
  3 water moccasins
  An orc warrior (D:8)
  Duvessa (D:5)
  10 wolves
  2 phantoms
  A kobold brigand (D:9)
  3 bullfrogs
  A scorpion (D:4)
  6 wights (D:9)
  Dowan (D:5)
  A howler monkey (D:9)
  A wolf zombie (Lair:3)
  Crazy Yiuf (D:5)
  A hound (D:4)
  An iguana (D:4)
  2 orc wizards
  Robin (D:3)
  4 gnolls
  4 adders
  A white imp (D:7)
  3 ufetubi
  4 dart slugs
  12 orcs
  2 bats
  4 endoplasms
  2 giant cockroaches (D:1)
  14 goblins
  5 hobgoblins
  10 kobolds
  3 quokkas (D:1)
  4 ball pythons
  2 frilled lizards
  4 rats
  A bush (Lair:2)
153 creatures vanquished.

Vanquished Creatures (collateral kills)
  3 hydras
  A boulder beetle (D:10)
  A two-headed ogre (D:9)
  Erica (D:8)
  5 death yaks
  An elephant (Lair:3)
  A black mamba (Lair:3)
  A torpor snail (Lair:5)
  4 cane toads
  3 rime drakes
  3 komodo dragons
  A troll (D:9)
  4 polar bears
  8 blink frogs
  A shadow (D:10)
  6 wyverns
  29 yaks
  Menkaure (D:4)
  2 nagas (Lair:2)
  3 water moccasins
  An orc warrior (D:7)
  A black bear (D:6)
  3 ice beasts (D:6)
  12 wolves
  3 centaurs
  A phantom (D:5)
  A kobold brigand (D:7)
  2 necrophages
  A gnoll sergeant (D:5)
  4 bullfrogs
  8 wights
  2 howler monkeys
  A jelly (D:7)
  A hound (D:6)
  An orc priest (D:8)
  A gnoll bouda (D:8)
  2 iguanas
  2 orc wizards
  8 gnolls
  3 adders (D:4)
  A shadow imp (D:6)
  2 worms
  15 orcs
  A giant cockroach (D:2)
  5 hobgoblins
  5 kobolds
  2 quokkas (D:4)
  2 training dummies (D:5)
  A frilled lizard (D:3)
  3 rats
174 creatures vanquished.

Vanquished Creatures (others)
  A two-headed ogre zombie (D:9)
  A cane toad zombie (Lair:3)
  A torpor snail zombie (Lair:5)
  2 water moccasin zombies
  2 wyvern zombies
  11 yak zombies
  A polar bear zombie (Lair:4)
  6 wolf zombies
  2 bullfrog zombies
  2 naga zombies (Lair:2)
  An ancestor (D:1)
  19 hexers
  3 kobold zombies (D:7)
  2 orc zombies (D:8)
  13 fungi
  39 plants
106 creatures vanquished.

Grand Total: 433 creatures vanquished

Notes
Turn   | Place    | Note
-------+----------+-------------------------------------------
     0 | D:1      | Turgor the Demonspawn Necromancer began the quest for the
                  | Orb.
     0 | D:1      | Reached XP level 1. HP: 13/13 MP: 3/3
   342 | D:1      | Gained mutation: When seriously injured, your blood forms
                  | armour. (AC +9) [demonic ancestry]
   342 | D:1      | Reached XP level 2. HP: 20/20 MP: 0/5
   903 | D:1      | Reached skill level 1 in Fighting
   928 | D:1      | Found a faded altar of an unknown god.
   952 | D:1      | Prayed at the altar of an unknown god.
   952 | D:1      | Became a worshipper of Hepliaklqana the Forgotten
   952 | D:1      | Reached * piety under Hepliaklqana
  1228 | D:1      | Upgraded the game from 0.29-a0-845-g6161e89988 to
                  | 0.29-a0-872-g797fff5ad1
  1298 | D:2      | Gained mutation: A weak demonic guardian rushes to your
                  | aid. [demonic ancestry]
  1298 | D:2      | Reached XP level 3. HP: 23/23 MP: 3/6
  1338 | D:2      | Identified the ring "Womajiov" {Ice rPois Dex-2 Slay+3}
  1699 | D:2      | Found a broken altar of Ashenzari.
  1918 | D:2      | Found Cacuosas's Armour Emporium.
  1955 | D:2      | Reached ** piety under Hepliaklqana
  1956 | D:2      | Remembered your ancestor Bartimir as a hexer
  2177 | D:3      | Learned a level 1 spell: Apportation
  2191 | D:3      | Learned a level 3 spell: Vampiric Draining
  2707 | D:3      | Reached skill level 5 in Necromancy
  2787 | D:3      | Noticed Robin
  2816 | D:3      | Gained mutation: You have large cloven feet. [demonic
                  | ancestry]
  2816 | D:3      | Reached XP level 4. HP: 29/29 MP: 3/8
  2975 | D:3      | Killed Robin
  3190 | D:4      | Found Tuprolau's Armour Shop.
  3217 | D:4      | Gained mutation: A demonic guardian rushes to your aid.
                  | [demonic ancestry]
  3217 | D:4      | Reached XP level 5. HP: 35/35 MP: 5/9
  3398 | D:4      | Noticed Menkaure
  3406 | D:4      | Killed Menkaure
  3407 | D:4      | Reached XP level 6. HP: 23/42 MP: 11/11
  3542 | D:4      | Found a staircase to the Ecumenical Temple.
  3734 | D:4      | Learned a level 4 spell: Animate Dead
  3737 | D:4      | Learned a level 2 spell: Poisonous Vapours
  3822 | D:4      | Gained mutation: A meltable shield of frost defends you.
                  | (SH +4) [demonic ancestry]
  3822 | D:4      | Reached XP level 7. HP: 48/48 MP: 8/13
  3995 | D:5      | Entered Level 5 of the Dungeon
  4266 | D:5      | Found a runed translucent door.
  4267 | D:5      | Noticed Crazy Yiuf
  4275 | D:5      | Paralysed by Crazy Yiuf for 2 turns
  4281 | D:5      | Killed Crazy Yiuf
  4380 | D:5      | Reached *** piety under Hepliaklqana
  4708 | D:5      | Noticed Duvessa
  4708 | D:5      | Noticed Dowan
  4719 | D:5      | Killed Duvessa
  4728 | D:5      | Killed Dowan
  4729 | D:5      | Reached skill level 5 in Spellcasting
  4932 | D:5      | Reached skill level 5 in Fighting
  4932 | D:5      | Reached XP level 8. HP: 48/55 MP: 15/15
  5414 | D:6      | Reached skill level 1 in Translocations
  5471 | D:6      | Found an ancient bone altar of Kikubaaqudgha.
  6131 | D:6      | Reached **** piety under Hepliaklqana
  6269 | D:7      | Reached skill level 1 in Invocations
  6820 | D:7      | Gained mutation: You have hoof-like feet. [demonic
                  | ancestry]
  6820 | D:7      | Reached XP level 9. HP: 57/62 MP: 18/18
  7037 | D:7      | Noticed a troll
  7137 | D:7      | Killed a troll
  7599 | D:8      | Reached skill level 5 in Invocations
  7681 | D:8      | Noticed Erica
  7692 | D:8      | Killed Erica
  7716 | D:8      | Reached XP level 10. HP: 61/69 MP: 15/21
  8055 | D:8      | Reached skill level 10 in Necromancy
  8149 | D:8      | Learned a level 4 spell: Iskenderun's Mystic Blast
  8176 | D:8      | Noticed a death yak
  8189 | D:8      | Noticed a death yak
  8193 | D:8      | Reached skill level 1 in Conjurations
  8194 | D:8      | Noticed a death yak
  8197 | D:8      | Killed a death yak
  8198 | D:8      | Reached skill level 1 in Armour
  8205 | D:8      | Killed a death yak
  8207 | D:8      | Killed a death yak
  8209 | D:8      | HP: 3/71 [yak (12)]
  8559 | D:8      | Reached ***** piety under Hepliaklqana
  8560 | D:8      | Found a staircase to the Lair.
  8899 | D:9      | Noticed a two-headed ogre
  9478 | D:9      | Reached XP level 11. HP: 75/75 MP: 10/23
  9699 | D:9      | Killed a two-headed ogre
  9986 | D:10     | Entered Level 10 of the Dungeon
 10008 | D:10     | Reached skill level 5 in Translocations
 10269 | D:10     | Noticed a boulder beetle
 10283 | D:10     | Killed a boulder beetle
 10323 | D:10     | Noticed a centaur warrior
 10338 | D:10     | Noticed a centaur warrior
 10585 | D:10     | Noticed a centaur warrior
 10667 | Lair:1   | Entered Level 1 of the Lair of Beasts
 11055 | Lair:1   | Reached skill level 5 in Conjurations
 11389 | Lair:1   | Identified the +6 spear of Wonderful Exoneration {vorpal,
                  | rC+ Stlth+}
 11424 | Lair:1   | Noticed a seven-headed hydra
 11432 | Lair:1   | Noticed a four-headed hydra
 11445 | Lair:1   | Killed a seven-headed hydra
 11448 | Lair:1   | Killed a four-headed hydra
 12103 | Lair:1   | Reached XP level 12. HP: 82/82 MP: 20/25
 12382 | Lair:2   | Noticed a six-headed hydra
 12384 | Lair:2   | Found a staircase to the Snake Pit.
 12401 | Lair:2   | Killed a six-headed hydra
 12918 | Lair:2   | Found a transporter.
 12943 | Lair:2   | Found a transporter.
 12946 | Lair:2   | Noticed Nomaith's ghost (journeyman TeAE)
 13228 | Lair:2   | Reached skill level 10 in Spellcasting
 13969 | Lair:3   | Reached skill level 5 in Armour
 14158 | Lair:3   | Reached skill level 5 in Dodging
 14298 | Lair:3   | You fall into a shaft and drop 2 floors!
 14418 | Lair:4   | Identified the +2 mace "Goxuff" {pain, rF+ MP+9}
 14424 | Lair:4   | Noticed a death yak
 14425 | Lair:4   | Noticed a death yak
 14425 | Lair:4   | Noticed a death yak
 14477 | Lair:5   | Found a runed translucent door.
 14694 | Lair:5   | Noticed Rupert
 14752 | Lair:4   | Gained mutation: When seriously injured, your blood forms
                  | thick armour. (AC +9) [demonic ancestry]
 14752 | Lair:4   | Reached XP level 13. HP: 24/89 MP: 27/27
 15293 | Lair:3   | Reached ****** piety under Hepliaklqana
 15789 | Lair:4   | Found a transporter.
 15791 | Lair:4   | Found a transporter.
 15792 | Lair:4   | Noticed Yduigg's ghost (journeyman FeTm)
 16382 | Lair:4   | Slain by a swamp worm

Illustrated notes

Levels and vault maps discovered:
D:1:      scummos_arrival_hexagon, layout_loops_ring,
          dilly_ecumenical_altar_fadedgnrine
D:2:      layout_loops_cross, basic_altar, serial_shops,
          nicolae_shop_advertising_works [nicolae_subvault_shop_adworks]
D:3:      layout_loops_ring, uniq_robin
D:4:      layout_rooms, minmay_temple_entry_gardened_gates,
          nicolae_stop_n_shop_2, kennysheep_small_circle, uniq_menkaure
D:5:      dreamdust_elfheim, layout_basic, corexii_item_surrounded_by_moat,
          dk_rats_in_the_wall, uniq_crazy_yiuf_cottage
D:6:      layout_cave_pods, mainiacjoe_overflow_small_starburst
D:7:      layout_cave_pods, minmay_small_thing
D:8:      layout_basic, dpeg_lair_monsters, uniq_erica
D:9:      minmay_klotski, layout_small_grid
D:10:     minmay_diamond_stairs, layout_cross, jmf_multi_god_temple,
          minmay_misc_feat_columns
Lair:1:   layout_small_grid
Lair:2:   layout_regular_city, minmay_snake_entry_guardpost_small,
          gammafunk_ghost_wrathful_warriors, minmay_lair_oklob_items,
          infiniplex_staircase_pool_2
Lair:3:   layout_hall_layers, minivault_19
Lair:4:   layout_hall_layers, palyth_hydra_swamp_entry, gammafunk_ghost_hive,
          beast_lair_carwin_11
Lair:5:   layout_roguey, ebering_ghost_reflecting_pool,
          cheibrodos_lair_lostbears, uniq_rupert

Skill      XL: |  1  2  3  4  5  6  7  8  9 10 11 12 13 |
---------------+----------------------------------------+-----
Stealth        | 2 |  2.0
Dodging        | 2 3 4 5 |  5.5
Fighting       | 1 2 3 4 5 6 7 8 |  8.9
Necromancy     | 5 6 7 8 9 10 | 10.8
Spellcasting   | 3 4 5 6 7 8 9 10 | 10.9
Translocations | 2 3 4 6 7 |  7.8
Invocations    | 2 6 8 9 |  9.0
Conjurations   | 3 5 7 8 |  8.1
Armour         | 2 3 5 6 |  6.0

Action                   |  1- 3 |  4- 6 |  7- 9 | 10-12 | 13-15 || total
-------------------------+-------+-------+-------+-------+-------++-------
Melee: Dagger            |    39 |    21 |    57 |    83 |       ||   200
       Punch             |     1 |     1 |       |     5 |       ||     7
       Kick              |       |     7 |    20 |    85 |    14 ||   126
       Quarterstaff      |       |       |    10 |       |       ||    10
       Hand axe          |       |       |       |     3 |       ||     3
       Spear             |       |       |       |   134 |     9 ||   143
       Mace              |       |       |       |    35 |    28 ||    63
 Fire: Sling             |       |     9 |    46 |    72 |       ||   127
 Cast: Necrotise         |    76 |    37 |    48 |    43 |    16 ||   220
       Poisonous Vapours |       |       |     8 |    25 |       ||    33
       Vampiric Draining |       |       |     1 |     3 |     4 ||     8
       Animate Dead      |       |       |     7 |    16 |     5 ||    28
       Apportation       |       |       |     1 |       |       ||     1
       Iskenderun's Myst |       |       |       |    16 |     3 ||    19
Invok: Ancestor Identity |     1 |       |       |       |       ||     1
       Ancestor Life: He |     1 |       |       |       |       ||     1
       Recall Ancestor   |       |       |     1 |     4 |       ||     5
       Transference      |       |       |       |     1 |       ||     1
Evoke: Wand              |       |       |    11 |    24 |     1 ||    36
  Use: Scroll            |     6 |       |     4 |    13 |       ||    23
       Potion            |       |       |     1 |     3 |     1 ||     5
 Stab: Confused          |     1 |     2 |     1 |     2 |     1 ||     7
       Distracted        |       |       |     1 |     8 |     3 ||    12
       Paralysed         |       |       |       |     1 |       ||     1
Armor: Robe              |    18 |     6 |    13 |    31 |       ||    68
       Ring mail         |       |       |       |    79 |    34 ||   113
Dodge: Dodged            |    34 |    12 |    32 |   171 |    32 ||   281
Block: Other             |       |       |    10 |    48 |    15 ||    73

Table legend: (Time is in decaauts)
 A = Elapsed time spent in this place.
 B = Non-inter-level travel time spent in this place.
 C = Inter-level travel time spent in this place.
 D = Time resting spent in this place.
 E = Time spent auto-exploring this place.
 F = Levels seen in this place.
 G = Mean time per level.
                   A        B        C        D        E       F      G
               +--------+--------+--------+--------+--------+-----+--------+
         Total |  16471 |  15901 |    570 |   1909 |  10766 |  15 | 1098.1 |
       Dungeon |  10700 |  10175 |    525 |    703 |   7434 |  10 | 1070.0 |
          Lair |   5771 |   5726 |     45 |   1206 |   3332 |   5 | 1154.2 |
               +--------+--------+--------+--------+--------+-----+--------+

Top non-repeatable levels by time:
  Lair:1: 1698 daAuts
  Lair:2: 1581 daAuts
     D:8: 1444 daAuts
     D:5: 1412 daAuts
     D:9: 1318 daAuts
     D:7: 1279 daAuts
     D:1: 1271 daAuts
  Lair:4: 1249 daAuts
     D:3: 1086 daAuts
     D:6: 865 daAuts
  Lair:3: 853 daAuts
     D:2: 829 daAuts
     D:4: 808 daAuts
  Lair:5: 388 daAuts
    D:10: 384 daAuts
